 Dungeon Crawl Stone Soup version 0.28.0-43-g3370ac3207 (webtiles) character file.

Game seed: 15417883819847402929

62 zeratav the Insei (level 4, 0/28 HPs)
             Began as an Octopode Transmuter on Apr 1, 2022.
             Succumbed to an adder's poison
             ... on level 2 of the Dungeon.
             The game lasted 00:04:37 (2251 turns).

zeratav the Insei (Octopode Transmuter)             Turns: 2251, Time: 00:04:37

Health: 0/28       AC:  1    Str:  9    XL:     4   Next: 8%
Magic:  7/7        EV: 13    Int: 17    God:
Gold:   49         SH:  0    Dex: 12    Spells: 6/7 levels left

rFire   . . .      SeeInvis .     - Unarmed
rCold   . . .      Faith    .   (no shield)
rNeg    . . .      Spirit   .   (helmet currently unavailable)
rPois   .          Reflect  .   (no amulet)
rElec   .          Harm     .   (no ring)
rCorr   .          Rampage  .   (no ring)
Will    .....                   (no ring)
Stlth   ++........              (no ring)
HPRegen 0.09/turn               (no ring)
MPRegen 0.10/turn               (no ring)
                                (no ring)
                                (no ring)

@: lethally poisoned (0 -> -6), appendages (expiring)
A: tentacle spike 3, almost no armour, amphibious, 8 rings, camouflage 1,
gelatinous body 1, (nimble swimmer 1), tentacles
a: End Transformation


You were on level 2 of the Dungeon.
One of your tentacles had grown a beastly spike.
You visited 1 branch of the dungeon, and saw 2 of its levels.

You collected 49 gold pieces.

Inventory:

Scrolls
 a - a scroll of noise {unknown}
 b - 2 scrolls of identify {unknown}
Potions
 c - a potion of curing {unknown}


   Skills:
 + Level 1.1 Fighting
 + Level 2.3 Dodging
 + Level 3.7 Unarmed Combat
 + Level 2.3 Spellcasting
 + Level 2.4 Transmutations
 * Level 1.6 Poison Magic


You had 6 spell levels left.
You knew the following spells:

 Your Spells              Type           Power      Damage    Failure   Level
a - Beastly Appendage     Tmut           20%        N/A       7%          1

Your spell library contained the following spells:

 Spells                   Type           Power      Damage    Failure   Level
 Wereblood                Tmut           10%        N/A       11%         2
 Spider Form              Tmut/Pois      8%         N/A       24%         3
 Ice Form                 Ice/Tmut       6%         N/A       75%         4


Dungeon Overview and Level Annotations

Branches:
Dungeon (2/15)

Altars:

Shops:
D:1 ?


Innate Abilities, Weirdness & Mutations

One of your tentacles has grown a beastly spike.
You cannot wear most types of armour.
You are amphibious.
You can wear up to eight rings at the same time.
Your skin changes colour to match your surroundings (Stealth+).
Your rubbery body absorbs attacks. (AC +1, EV +1)
((You are camouflaged when in or above water. (Stealth+)))
You have tentacles for arms and can constrict up to eight enemies at once.


Message History

You tentacle-slap the adder. Your grab misses the adder.
The adder is moderately wounded.
The adder bites you.
You barely miss the adder. Your grab misses the adder.
The adder is moderately wounded.
The adder bites you.
You barely miss the adder. Your grab misses the adder.
The adder is moderately wounded.
Your transformation is almost over.
The adder bites you.
You are poisoned.
The adder poisons you!
You tentacle-slap the adder but do no damage.
Your grab misses the adder.
You pierce the adder, but do no damage.
Your squeeze misses the adder.
The adder is moderately wounded.
You feel sick. The adder bites you.
You are lethally poisoned!
The adder poisons you! The adder misses you.
You closely miss the adder. You grab the adder.
You pierce the adder.
The adder is severely wounded.
You constrict the adder, but do no damage.
* * * LOW HITPOINT WARNING * * *
You feel sick. The adder barely misses you.
You tentacle-slap the adder.
Your tentacle spike misses the adder.
The adder is almost dead.
You constrict the adder.
You kill the adder!
* * * LOW HITPOINT WARNING * * *
You feel sick. The endoplasm barely misses you.
You have reached level 4!
You tentacle-slap the endoplasm.
You pierce the endoplasm.
You tentacle-slap the endoplasm.
You kill the endoplasm!
* * * LOW HITPOINT WARNING * * *
You feel sick. The hobgoblin hits you.
* * * LOW HITPOINT WARNING * * *
You tentacle-slap the hobgoblin.
You kill the hobgoblin!
You die...

#..#####.#.#..#
#..#####.#.#..#
#..#.....#.#..#
######..#.....#.#..#
..............#.#..#
#####..#.....#.#..#
#..#####........#.#..#######
..........#.....#.#..#......
..........†@....#.#..#.#####
.BB.......#######.#..#.#
..........##....#.#<.#.#
..........##.##.#.##.#.#
......##+###.##.#....#.#
...... ..#.#..#....#.#
...... #.#.##†#....#.# ..
#.#.##.#....#.#
#.#.##.#....#.#


There were no monsters in sight!

Vanquished Creatures
  2 adders (D:2)
  2 dart slugs (D:1)
  4 endoplasms
  A giant cockroach (D:1)
  5 goblins (D:1)
  3 hobgoblins
  2 quokkas (D:1)
  2 ball pythons (D:1)
  3 bats (D:1)
  2 frilled lizards
  5 kobolds (D:1)
  9 rats (D:1)
40 creatures vanquished.

Notes
Turn   | Place    | Note
-------+----------+-------------------------------------------
     0 | D:1      | zeratav the Octopode Transmuter began the quest for the
                  | Orb.
     0 | D:1      | Reached XP level 1. HP: 13/13 MP: 3/3
   395 | D:1      | Reached XP level 2. HP: 14/18 MP: 3/5
   868 | D:1      | Reached skill level 1 in Poison Magic
  1257 | D:1      | Reached XP level 3. HP: 23/23 MP: 4/6
  1294 | D:1      | Found a faded altar of an unknown god.
  1356 | D:1      | Found Qucu's Magic Scroll Emporium.
  2250 | D:2      | Reached XP level 4. HP: 6/28 MP: 7/7
  2250 | D:2      | HP: 1/28 [hobgoblin (3)]
  2251 | D:2      | Succumbed to an adder's poison

Illustrated notes

Levels and vault maps discovered:
D:1:      minmay_arrival_loop, layout_basic,
          dreamdust_ecumenical_altar_hidden_monk_grotto, serial_shops,
          shop_fountains
D:2:      layout_basic, pf_guarded_unrand_delatra

Skill      XL: |  1  2 |
---------------+-------+-----
Poison Magic   | 1 |  1.6
Fighting       | |  1.1
Dodging        | |  2.3
Unarmed Combat | |  3.7
Spellcasting   | |  2.3
Transmutations | |  2.4

Action                   |  1- 3 |  4- 6 || total
-------------------------+-------+-------++-------
Melee: Unarmed           |    77 |     2 ||    79
       Constrict         |    21 |       ||    21
       Kick              |    13 |     1 ||    14
       Tentacles         |     8 |       ||     8
       Punch             |       |     1 ||     1
 Cast: Beastly Appendage |    11 |       ||    11
 Stab: Sleeping          |     5 |       ||     5
Armor: Skin              |     6 |       ||     6
Dodge: Dodged            |    45 |       ||    45
